 Dungeon Crawl Stone Soup version 0.22-a0-197-g4ac3794 (webtiles) character file.

205 Amnesiac the Poker (level 5, -4/41 HPs)
             Began as a Centaur Warper on Feb 18, 2018.
             Killed by nerve-wracking pain
             ... invoked by an orc priest
              (12 damage)
             ... on level 4 of the Dungeon.
             The game lasted 00:06:37 (3553 turns).

Amnesiac the Poker (Centaur Warper)                 Turns: 3553, Time: 00:06:38

Health: -4/41      AC:  5    Str: 15    XL:     5   Next: 52%
Magic:  7/7        EV:  9    Int: 12    God:
Gold:   93         SH:  0    Dex:  8    Spells: 2/7 levels left

rFire    . . .     SeeInvis .   E - +0 trident
rCold    . . .     Gourm    .   (no shield)
rNeg     . . .     Faith    .   g - +0 leather armour
rPois    .         Spirit   .   (no helmet)
rElec    .         Reflect  .   (no cloak)
rCorr    .         Harm     .   h - +0 pair of gloves
MR       .....                  (no barding)
Stlth    +.........             (no amulet)
HPRegen  0.13/turn              i - ring of stealth
MPRegen  0.10/turn              (no ring)

@: very quick
A: large, hooves 3, deformed body, speed 2, tough skin 3
a: no special abilities


You were on level 4 of the Dungeon.
You were very hungry.

You visited 1 branch of the dungeon, and saw 5 of its levels.

You collected 93 gold pieces.

Inventory:

Hand Weapons
 b - a +0 hunting sling
 n - a +1 short sword of protection
 E - a +0 trident (weapon)
Missiles
 e - 2 tomahawks of dispersal (quivered)
 l - 87 stones
 o - 17 sling bullets
 p - 37 poisoned needles
 t - 70 bolts
 w - a throwing net
Armour
 g - a +0 leather armour (worn)
 h - a +0 pair of gloves (worn)
 x - a +0 helmet
Jewellery
 i - a ring of stealth (left hand)
Wands
 a - a wand of polymorph (11)
Scrolls
 d - a scroll of blinking {!r}
 k - 5 scrolls of identify {!r, unknown}
 m - 2 scrolls of teleportation {!r, unknown}
 q - a scroll of remove curse {!r, unknown}
 u - 2 scrolls of amnesia {!r, unknown}
 v - a scroll of enchant armour {!r, unknown}
 y - a scroll of immolation {!r, unknown}
 z - a scroll of random uselessness {!r, unknown}
 C - a scroll of enchant weapon {!r, unknown}
Potions
 j - 2 potions of invisibility {!q, unknown}
 r - a potion of resistance {!q, unknown}
 s - a potion of mutation {!q, unknown}
 A - 3 potions of flight {!q, unknown}
 B - 4 potions of curing {!q, unknown}
 D - a potion of agility {!q, unknown}
Books
 c - a book of Spatial Translocations

   Spells                             Type                      Level
   a - Blink                          Translocation                2
   b - Shroud of Golubria             Charms/Translocation         2
   c - Lesser Beckoning               Translocation                3
   d - Gell's Gravitas                Translocation                3
   e - Teleport Other                 Translocation                3
   f - Passage of Golubria            Translocation                4
Comestibles
 f - 6 rations


   Skills:
 - Level 2.0 Fighting
 + Level 5.3 Polearms
 - Level 1.1 Throwing
 - Level 0.6 Armour
 - Level 1.3 Dodging
 - Level 1.5 Spellcasting
 - Level 2.6 Translocations


You had 2 spell levels left.
You knew the following spells:

 Your Spells              Type           Power        Failure   Level  Hunger
a - Teleport Other        Tloc           #.......     34%         3    ####...
v - Blink                 Tloc           N/A          17%         2    ###....


Dungeon Overview and Level Annotations

Branches:
Dungeon (5/15)
 Temple: D:4-7

Altars:
Uskayaw

Annotations:
D:3 Robin
D:4 Blork the orc


Innate Abilities, Weirdness & Mutations

You have hooves in place of feet.
Armour fits poorly on your strangely shaped body.
You cover ground very quickly.
You have extremely tough skin. (AC +3)


Message History

There is a large open door here.
t - 70 bolts (gained 20)
You now have 78 gold pieces (gained 12).
Key pressed, stopping explore.
No target in view!
a - a wand of polymorph (11) No target in view!
You open the large door.
There is a large open door here.
Blork the orc comes into view.
He is wielding a halberd.
Put on which piece of jewellery? (? for menu, Esc to quit)
Okay, then.
k - 5 scrolls labeled QAEMNO JOIRAXE {!r} (gained 1) Partly explored, can't reach some places.
Partly explored, can't reach some places.
Partly explored, can't reach some places.
Really walk into a travel-excluded area?
There is a large open door here.
There is a large open door here.
Key pressed, stopping explore.
You are feeling very hungry.
Found a stone staircase leading up.
Found a leather armour.
Found a falchion.
You now have 93 gold pieces (gained 15).
f - 6 rations (gained 1)
You open the door.
There is an open door here.
o - 17 sling bullets An orc and an orc priest come into view.
The orc priest shouts!
You hear a shout! x5
There are monsters nearby!
You hear a shout!
Memorise Teleport Other, consuming 3 spell levels and leaving 2?
You start memorising the spell.
You continue memorising. x3
You finish memorising.
Spell assigned to 'a'.
Okay, then.
The orc priest calls down the wrath of Beogh upon you.
Pain shoots through your body!
Found a stone staircase leading down.
A hound skeleton comes into view.
Found 22 stones.
The hound skeleton bites you but does no damage.
There is a stone staircase leading down here.
The hound skeleton bites you but does no damage.
The hound skeleton bites you.
You climb downwards. 2 jackals, 3 gnolls, 2 orcs and an orc warrior come into view.
The jackal barks!
The orc warrior shouts!
The gnoll shouts! x2
Found 21 arrows.
There is a stone staircase leading up here.
The jackal barks!
The orc hits you with a short sword. The orc hits you but does no damage.
You climb upwards.
Level annotation: Blork the orc The hound skeleton bites you but does no damage.
There is a stone staircase leading down here.
The hound skeleton bites you but does no damage.
The orc priest invokes the aid of Beogh against you.
Beogh smites you!
* * * LOW HITPOINT WARNING * * *
The orc priest mumbles some strange prayers to Beogh against you.
Pain shoots through your body!
You die...

#.......# #.# #.
#####.### #.# #. #.#
##'## #. #.# ##...##
#. ######o#
##.)...## ##
#......# #........##
#######.#...##
#+###.....#
........o....#
#[....+
.#####>#.Z@.#
#.....# #o##.#.+
+....## #.######
#<..## #.# #..####
#(# #####+###.....#
#.# ##...#..##.###.#
#.###....<#.##.###.#
#...............##.#
###.....#........#


You could see an orc priest, an orc and a hound skeleton.

Vanquished Creatures
  A hound (D:4)
  Jessica (D:3)
  An iguana (D:2)
  3 adders
  An ooze (D:2)
  2 adder skeletons (D:4)
  3 dart slugs
  A leopard gecko (D:1)
  9 orcs (D:3)
  2 ball pythons
  2 giant cockroaches
  17 goblins
  2 hobgoblins
  3 jackals (D:2)
  6 bats
  7 frilled lizards
  7 kobolds
  7 rats
  A plant (D:1)
76 creatures vanquished.

Notes
Turn   | Place    | Note
-------+----------+-------------------------------------------
     0 | D:1      | Amnesiac the Centaur Warper began the quest for the Orb.
     0 | D:1      | Reached XP level 1. HP: 17/17 MP: 3/3
    35 | D:1      | Reached skill level 2 in Polearms
   233 | D:1      | Reached XP level 2. HP: 24/24 MP: 4/4
   237 | D:1      | Learned a level 2 spell: Blink
   526 | D:1      | Reached skill level 3 in Polearms
   906 | D:1      | Reached XP level 3. HP: 10/29 MP: 5/5
  1263 | D:2      | Found a hide-covered altar of Uskayaw.
  1522 | D:2      | Found a faded altar of an unknown god.
  1555 | D:2      | Reached skill level 4 in Polearms
  1555 | D:2      | Reached XP level 4. HP: 11/36 MP: 6/6
  1819 | D:3      | Noticed Jessica
  1820 | D:3      | Noticed Robin
  2897 | D:3      | Reached XP level 5. HP: 37/41 MP: 7/7
  2932 | D:3      | Killed Jessica
  2932 | D:3      | Reached skill level 5 in Polearms
  3323 | D:4      | Noticed Blork the orc
  3515 | D:4      | Learned a level 3 spell: Teleport Other
  3547 | D:5      | Entered Level 5 of the Dungeon
  3547 | D:5      | Noticed an orc warrior
  3553 | D:4      | Killed from afar by an orc priest

Vault maps used:
D:1:      eino_arrival_water_cross, minmay_liquid_box, moated_statue,
          kennysheep_boxes
D:2:      lemuel_doored_altar, chequers_ecumenical_altar_simple
D:3:      uniq_robin, uniq_jessica
D:4:      minmay_temple_entry_glassed_door, first_ration, kennysheep_cross_room,
          cheibrodos_gnoll_hut, uniq_blork_the_orc

Skill      XL: |  1  2  3  4  5 |
---------------+----------------+-----
Polearms       | 2 3 4 5 |  5.3
Fighting       | |  2.0
Throwing       | |  1.1
Armour         | |  0.6
Dodging        | |  1.3
Spellcasting   | |  1.5
Translocations | |  2.6

Action                   |  1- 3 |  4- 6 || total
-------------------------+-------+-------++-------
Melee: Spear             |   143 |     5 ||   148
       Kick              |    31 |     8 ||    39
       Trident           |       |    54 ||    54
 Fire: Hunting sling     |    26 |   107 ||   133
Throw: Tomahawk          |     3 |       ||     3
 Stab: Sleeping          |     1 |     2 ||     3
  Eat: Chunk             |     1 |     4 ||     5
Armor: Leather armour    |    23 |    47 ||    70
Dodge: Dodged            |    35 |    56 ||    91

Table legend:
 A = Spawn XP
 B = Non-spawn XP
 C = Spawn XP percentage of total XP
 D = Spawn monster count
 E = Non-spawn monster count
 F = Spawn count percentage of total count
 G = Total turns spent on level
                    A         B        C        D         E        F      G
               +---------+---------+-------+---------+---------+-------+---------
         Total |       0 |     293 |   0.0 |       0 |      75 |   0.0 |  3553
               +---------+---------+-------+---------+---------+-------+---------
           D:1 |       0 |      45 |   0.0 |       0 |      20 |   0.0 |  1149
           D:2 |       0 |     106 |   0.0 |       0 |      25 |   0.0 |  1059
           D:3 |       0 |      91 |   0.0 |       0 |      26 |   0.0 |   645
           D:4 |       0 |      51 |   0.0 |       0 |       4 |   0.0 |   698
               +---------+---------+-------+---------+---------+-------+---------
